 Dungeon Crawl Stone Soup version 0.29.1-2-gbd0b4ee654 (webtiles) character file.

Game seed: 13904435089857038342

261 qeuew the Magician (level 5, -34/28 HPs)
             Began as a Deep Elf Air Elementalist on Nov 7, 2022.
             Annihilated by an ogre
             ... wielding a +0 giant spiked club
              (39 damage)
             ... on level 5 of the Dungeon.
             The game lasted 00:06:08 (3689 turns).

qeuew the Magician (Deep Elf Air Elementalist)      Turns: 3689, Time: 00:06:09

Health: -34/28     AC:  3    Str:  5    XL:     5   Next: 96%
Magic:  0/14       EV: 14    Int: 20    God:
Gold:   136        SH:  0    Dex: 17    Spells: 10/13 levels left

rFire   . . .      SeeInvis .   f - +0 short sword (speed)
rCold   . . .      Faith    .   (no shield)
rNeg    . . .      Spirit   .   a - +0 robe
rPois   .          Reflect  .   (no helmet)
rElec   .          Harm     .   (no cloak)
rCorr   .          Rampage  .   (no gloves)
Will    .....                   l - +0 pair of boots
Stlth   +++.......              (no amulet)
HPRegen 0.09/turn               (no ring)
MPRegen 0.14/turn               (no ring)

@: no status effects
A: no striking features
a: no special abilities


You were on level 5 of the Dungeon.
You visited 1 branch of the dungeon, and saw 6 of its levels.

You collected 136 gold pieces.

Inventory:

Hand Weapons
 f - a +0 short sword of speed (weapon)
Armour
 a - a +0 robe (worn)
 l - a +0 pair of boots (worn)
Jewellery
 k - a +4 ring of evasion
Wands
 i - a wand of polymorph (7)
Scrolls
 c - a scroll of identify
 g - a scroll of enchant weapon
 m - a scroll of amnesia {unknown}
Potions
 b - a potion of magic
 d - 3 potions of curing
 e - a potion of resistance
 h - 2 potions of ambrosia
 j - a potion of flight {unknown}


   Skills:
 + Level 1.4 Short Blades
 + Level 1.2 Armour
 * Level 4.1 Dodging
 + Level 3.4 Stealth
 * Level 4.8 Spellcasting
 + Level 2.3 Conjurations
 + Level 3.6 Air Magic


You had 10 spell levels left.
You knew the following spells:

 Your Spells              Type           Power      Damage    Failure   Level
a - Shock                 Conj/Air       64%        1d7       3%          1
b - Static Discharge      Conj/Air       16%        3-5/arc   5%          2

Your spell library contained the following spells:

 Spells                   Type           Power      Damage    Failure   Level
 Swiftness                Air            19%        N/A       8%          3
 Slow                     Hex            16%        N/A       12%         1
 Airstrike                Air            9%         2d(2-18)  26%         4
 Confusing Touch          Hex            4%         N/A       34%         3
 Vampiric Draining        Necr           4%         2d6       34%         3


Dungeon Overview and Level Annotations

Branches:
Dungeon (6/15)
 Temple: D:4-7

Altars:
Kikubaaqudgha
Qazlal


Message History

The iguana is almost dead.
A quokka comes into view.
The worm bites you!
You hit the iguana but do no damage.
The iguana is almost dead.
An orc comes into view. It is wielding a +0 mace.
The iguana closely misses you.
You hit the iguana but do no damage.
The iguana is almost dead.
The iguana bites you.
* * * LOW HITPOINT WARNING * * *
The worm barely misses you.
You are no longer corroded.
There is a stone staircase leading down here.
You climb downwards.
There is a stone staircase leading up here.
Okay, then.
Okay, then.
Aiming: Shock (safe; 3% risk of failure)
Press: ? - help, Q - select action, (/) - cycle Shift-Dir - straight line, f - ogre
Aim: an ogre, wielding a +0 giant spiked club (86% to hit)
The zap hits the ogre.
The ogre is moderately wounded.
Unknown command.
Aiming: Shock (safe; 3% risk of failure)
Press: ? - help, Q - select action, (/) - cycle Shift-Dir - straight line, f/p - ogre
Aim: an ogre, wielding a +0 giant spiked club (moderately wounded, 86% to hit)
The zap hits the ogre.
The ogre is heavily wounded.
Unknown command.
Aiming: Shock (safe; 3% risk of failure)
Press: ? - help, Q - select action, (/) - cycle Shift-Dir - straight line, f/p - ogre
Aim: an ogre, wielding a +0 giant spiked club (heavily wounded, 86% to hit)
The zap hits the ogre.
The ogre is heavily wounded.
The ogre barely misses you. The ogre attacks as you move away!
The ogre hits you with a +0 giant spiked club!!!
Ouch! That really hurt!
You die...

# ### ....... # ..##
###.... # ###..
........ # ....
...##.... #
..#.###.####....###.##
# ...................
# ##.###.#.##.##.#
##.##.##O...##.##..
.......@..<....##.# ..
.#.##.##.......##.# .#
# ##.#.##.##.# ..
#.#.##.##.###.
##....:.......
#......?#..#.#
###.##.##.#.###.#.####
............##
##.....>
####.........#
#...####


You could see an ogre.

Vanquished Creatures
  An orc priest (D:5)
  A jelly (D:4)
  2 iguanas
  An orc wizard (D:5)
  A gnoll (D:1)
  2 adders
  A shadow imp (D:5)
  A white imp (D:5)
  2 ufetubi
  3 worms
  2 dart slugs
  6 orcs
  6 ball pythons
  4 endoplasms
  3 giant cockroaches (D:1)
  5 goblins
  A hobgoblin (D:1)
  7 kobolds
  2 quokkas (D:1)
  3 bats
  A frilled lizard (D:1)
  7 rats (D:1)
62 creatures vanquished.

Notes
Turn   | Place    | Note
-------+----------+-------------------------------------------
     0 | D:1      | qeuew the Deep Elf Air Elementalist began the quest for the
                  | Orb.
     0 | D:1      | Reached XP level 1. HP: 10/10 MP: 6/6
    35 | D:1      | Reached XP level 2. HP: 15/15 MP: 0/8
   424 | D:1      | Found a faded altar of an unknown god.
   651 | D:1      | Learned a level 2 spell: Static Discharge
   757 | D:1      | Reached XP level 3. HP: 19/19 MP: 8/10
  2062 | D:2      | Reached XP level 4. HP: 19/24 MP: 7/11
  2526 | D:3      | You fall into a shaft and drop 3 floors!
  2534 | D:5      | Entered Level 5 of the Dungeon
  2641 | D:5      | Found a stormy altar of Qazlal.
  2722 | D:5      | Noticed an ice beast
  2764 | D:5      | Found an ancient bone altar of Kikubaaqudgha.
  2771 | D:5      | Reached skill level 1 in Short Blades
  2771 | D:5      | Reached skill level 1 in Armour
  2771 | D:5      | Reached XP level 5. HP: 6/28 MP: 7/13
  3097 | D:5      | Noticed an ogre
  3336 | D:4      | HP: 1/28 [iguana (5)]
  3689 | D:5      | Annihilated by an ogre

Illustrated notes

Levels and vault maps discovered:
D:1:      dpeg_arrival_windows_large_door, layout_basic,
          hellmonk_ecumenical_altar_heavens_door
D:2:      layout_loops_ring
D:3:      layout_loops_cross, grunt_decor_resistance, uniq_sigmund
D:4:      layout_cave_pools, amcnicky_altar_gilded, uniq_pikel
D:5:      layout_loops_ring, mainiacjoe_overflow_six_doors_small,
          mainiacjoe_overflow_catwalk
D:6:      layout_basic, uniq_grinder

Skill      XL: |  1  2  3  4  5 |
---------------+----------------+-----
Dodging        | 3 4 |  4.1
Spellcasting   | 4 |  4.8
Short Blades   | 1 |  1.4
Armour         | 1 |  1.2
Stealth        | 3 |  3.4
Conjurations   | 2 |  2.3
Air Magic      | |  3.6

Action                   |  1- 3 |  4- 6 || total
-------------------------+-------+-------++-------
Melee: Unarmed           |    15 |       ||    15
       Short sword       |     8 |    25 ||    33
 Cast: Shock             |    79 |    68 ||   147
       Static Discharge  |       |     4 ||     4
  Use: Scroll            |     4 |     4 ||     8
       Potion            |     1 |     3 ||     4
Armor: Robe              |     8 |     8 ||    16
Dodge: Dodged            |    16 |    27 ||    43
